Match 46207750
Unlisted

Match 46207750
End
Vickers Machine Gun Team
Construct Section Command Post
Selects Canadian Shock Battlegroup
Infantry Section
ML 3-inch Mortar Team
Infantry Section
Construct Platoon Command Post
Selects Attacking Spirit
Selects Canadian Shock Section
Construct Platoon Command Post
Selects Incendiary Munitions
Humber Armored Car
Humber Armored Car
6-pounder Anti-tank Gun Team
schuperman
Scramble
DebaKLeTV
7k this year for sure
0
0

Comments sign in to comment!

No comments posted yet!